 Dungeon Crawl Stone Soup version 0.27-a0-1196-g3e9cee4cb2 (webtiles) character file.

Game seed: 3582662634464154397

133 Belboz the Twirler (level 5, -4/53 HPs)
             Began as an Ogre Gladiator on May 29, 2021.
             Slain by Grinder (7 damage)
             ... on level 3 of the Dungeon.
             The game lasted 00:03:49 (2723 turns).

Belboz the Twirler (Ogre Gladiator)                 Turns: 2723, Time: 00:03:50

Health: -4/53      AC:  3    Str: 18    XL:     5   Next: 16%
Magic:  0/5        EV: 10    Int:  9    God:
Gold:   59         SH:  0    Dex: 11    Spells: 4/4 levels left

rFire    . . .     SeeInvis .   a - +0 quarterstaff
rCold    . . .     Faith    .   (shield currently unavailable)
rNeg     . . .     Spirit   +   b - +0 robe
rPois    .         Reflect  .   c - +0 hat
rElec    .         Harm     .   (no cloak)
rCorr    .         Rampage  .   (gloves unavailable)
Will     .....                  (boots unavailable)
Stlth    +.........             n - amulet of guardian spirit
HPRegen  0.17/turn              (no ring)
MPRegen  0.09/turn              (no ring)

@: no status effects
A: large, unfitting armour, tough skin 1
a: no special abilities


You were on level 3 of the Dungeon.
You visited 1 branch of the dungeon, and saw 3 of its levels.

You collected 59 gold pieces.

Inventory:

Hand Weapons
 a - a +0 quarterstaff (weapon)
Missiles
 e - 99 stones (quivered)
Armour
 b - a +0 robe (worn)
 c - a +0 hat (worn)
Jewellery
 n - an amulet of guardian spirit (around neck)
Scrolls
 f - a scroll of enchant armour {unknown}
 g - a scroll of holy word {unknown}
 h - a scroll of teleportation {unknown}
 k - a scroll of fog {unknown}
 l - a scroll of enchant weapon {unknown}
 o - 2 scrolls of identify {unknown}
Potions
 i - 3 potions of lignification {unknown}
 j - 2 potions of curing {unknown}
 m - a potion of magic {unknown}


   Skills:
 - Level 3.0 Fighting
 + Level 5.6 Staves
 - Level 2.0 Throwing
 - Level 2.6 Dodging


You had 4 spell levels left.
You didn't know any spells.
Your spell library was empty.

Dungeon Overview and Level Annotations

Branches:
Dungeon (3/15)

Altars:

Shops:
D:1 *

Annotations:
D:3 Grinder


Innate Abilities, Weirdness & Mutations

You are too large for most types of armour.
You have tough skin. (AC +1)


Message History

* * * LOW HITPOINT WARNING * * *
You hit Grinder.
Grinder is lightly wounded.
Grinder closely misses you.
You closely miss Grinder.
Grinder is lightly wounded.
Grinder hits you.
* * * LOW HITPOINT WARNING * * *
You writhe in agony.
* * * LOW HITPOINT WARNING * * *
You hit Grinder.
Grinder is lightly wounded.
Grinder hits you.
* * * LOW HITPOINT WARNING * * *
You writhe in agony.
* * * LOW HITPOINT WARNING * * *
You thump Grinder!
Grinder is moderately wounded.
Grinder blinks!
Things that are here:
a throwing net; a throwing net; a +0 club
d - a throwing net;
d - 2 throwing nets (gained 1) Throw: 2 throwing nets
Press: ? - help, Q - select action, (/) - cycle Shift-Dir - straight line, f/p - Grinder
Aim: Grinder (moderately wounded, 53% to hit)
You throw a throwing net. The throwing net barely misses Grinder.
Throw: throwing net
Press: ? - help, Q - select action, (/) - cycle Shift-Dir - straight line, f/p - Grinder
Aim: Grinder (moderately wounded, 53% to hit)
You throw a throwing net. The throwing net barely misses Grinder.
Grinder gestures at you. You resist with significant effort.
You hit Grinder.
Grinder is heavily wounded.
Grinder says, "Wait up."
Grinder barely misses you.
You barely miss Grinder.
Grinder is heavily wounded.
Grinder hits you!
You die...

## .# ## .### .#
...### .# .....
.########## .(.
..........#######5#
#########.......@(#
.#... ###########
.#... .#... ###.# #
#.# # #.# #.#
###.##


You could see Grinder.

Vanquished Creatures
  Jessica (D:3)
  3 gnolls (D:2)
  2 adders (D:2)
  A worm (D:2)
  6 ball pythons
  6 bats
  4 endoplasms
  4 giant cockroaches
  4 goblins
  5 hobgoblins
  7 jackals
  A quokka (D:2)
  6 kobolds
  3 rats
53 creatures vanquished.

Notes
Turn   | Place    | Note
-------+----------+-------------------------------------------
     0 | D:1      | Belboz the Ogre Gladiator began the quest for the Orb.
     0 | D:1      | Reached XP level 1. HP: 22/22 MP: 1/1
   324 | D:1      | Found a faded altar of an unknown god.
   354 | D:1      | Reached XP level 2. HP: 31/31 MP: 2/2
   669 | D:1      | Found Eza Xey's Assorted Antiques.
   931 | D:1      | Reached skill level 4 in Staves
   931 | D:1      | Reached XP level 3. HP: 32/37 MP: 3/3
  1659 | D:2      | Reached XP level 4. HP: 29/45 MP: 4/4
  1666 | D:2      | HP: 2/45 [gnoll/+0 spear (3)]
  1773 | D:2      | Reached skill level 5 in Staves
  2572 | D:3      | Noticed Jessica
  2578 | D:3      | Killed Jessica
  2579 | D:3      | Reached XP level 5. HP: 43/53 MP: 5/5
  2685 | D:3      | Noticed Grinder
  2695 | D:3      | Paralysed by Grinder for 3 turns
  2716 | D:3      | HP: 2/53 [Grinder (5)]
  2723 | D:3      | Slain by Grinder

Illustrated notes

Levels and vault maps discovered:
D:1:      lightli_arrival_isolated_outpost, layout_loops_corners,
          shapermc_ecumenical_altar_mp_urbaneastern, serial_shops, shop
D:2:      layout_loops_ring
D:3:      layout_loops_ring, dk_yredelemnul_ordeal, uniq_jessica, uniq_terence,
          uniq_grinder

Skill      XL: |  1  2  3  4 |
---------------+-------------+-----
Fighting       | 3 |  3.0
Staves         | 4 5 |  5.6
Throwing       | |  2.0
Dodging        | |  2.6

Action                   |  1- 3 |  4- 6 || total
-------------------------+-------+-------++-------
Melee: Quarterstaff      |   106 |    65 ||   171
Throw: Throwing net      |       |     5 ||     5
 Stab: Sleeping          |     2 |     1 ||     3
Armor: Robe              |    51 |    15 ||    66
Dodge: Dodged            |    80 |    29 ||   109

Table legend: (Time is in decaauts)
 A = Elapsed time spent in this place.
 B = Non-inter-level travel time spent in this place.
 C = Inter-level travel time spent in this place.
 D = Time resting spent in this place.
 E = Time spent auto-exploring this place.
 F = Levels seen in this place.
 G = Mean time per level.
                   A        B        C        D        E       F      G
               +--------+--------+--------+--------+--------+-----+--------+
         Total |   2744 |   2685 |     59 |    559 |   1631 |   3 |  914.7 |
       Dungeon |   2744 |   2685 |     59 |    559 |   1631 |   3 |  914.7 |
               +--------+--------+--------+--------+--------+-----+--------+

Top non-repeatable levels by time:
     D:1: 1482 daAuts
     D:2: 1060 daAuts
     D:3: 201 daAuts
